 Dungeon Crawl Stone Soup version 0.31-a0-963-ga325b2283a (webtiles) character file.

Game seed: 16358044717614076492

7 gelatine the Chopper (level 1, -2/16 HPs)
             Began as a Demonspawn Gladiator on Oct 25, 2023.
             Slain by a hobgoblin
             ... wielding a +0 trident
              (6 damage)
             ... on level 1 of the Dungeon.
             The game lasted 00:00:32 (186 turns).

gelatine the Chopper (Demonspawn Gladiator)          Turns: 186, Time: 00:00:33

Health: -2/16      AC:  4    Str: 14    XL:     1   Next: 91%
Magic:  1/1        EV: 12    Int:  9    God:
Gold:   28         SH:  0    Dex: 14    Spells: 0/0 levels left

rFire   . . .        a - +0 war axe
rCold   . . .        (no shield)
rNeg    . . .        b - +0 leather armour
rPois   .            c - +0 helmet
rElec   .            (no cloak)
rCorr   .            (no gloves)
SInv    .            (no boots)
Will    .....        (no amulet)
Stlth   +            (no ring)
HPRegen 0.22/turn    (no ring)
MPRegen 0.07/turn

%: no passive effects
@: no status effects
A: no striking features
a: no special abilities


You were on level 1 of the Dungeon.
You visited 1 branch of the dungeon, and saw 1 of its levels.

You collected 28 gold pieces.

Inventory:

Hand Weapons
 a - a +0 war axe (weapon)
Missiles
 d - 3 throwing nets (quivered)
 e - a javelin
 f - 4 stones
 h - 5 poisoned darts
Armour
 b - a +0 leather armour (worn)
 c - a +0 helmet (worn)
Scrolls
 g - a scroll of brand weapon {unknown}


   Skills:
 + Level 2.0 Fighting
 + Level 2.9 Axes
 + Level 1.9 Throwing
 + Level 2.9 Dodging


You couldn't memorise any spells.
You didn't know any spells.
Your spell library was empty.

Dungeon Overview and Level Annotations

Branches:
Dungeon (1/15)

Altars:


Message History

The endoplasm quivers.
You see here a scroll labelled QUANKIA URPHEUF.
The endoplasm hits you but does no damage.
You hit the endoplasm.
The endoplasm is almost dead.
The endoplasm freezes you.
You are frozen.
You hit the endoplasm.
You kill the endoplasm!
You now have 28 gold pieces (gained 16).
g - a scroll labelled QUANKIA URPHEUF You see here 5 poisoned darts.
h - 5 poisoned darts
There is an escape hatch in the floor here.
There is a staircase leading out of the dungeon here.
A hobgoblin comes into view. It is wielding a +0 trident.
The hobgoblin shouts!
A kobold comes into view. It is wielding a +0 club.
Found a dagger.
The kobold shouts!
The hobgoblin hits you but does no damage.
You hit the hobgoblin but do no damage. The hobgoblin barely misses you. x2
You hit the hobgoblin but do no damage. The hobgoblin barely misses you.
You barely miss the hobgoblin. You hit the kobold.
You kill the kobold!
The hobgoblin hits you with a +0 trident!
Ouch! That really hurt!
You hit the hobgoblin.
The hobgoblin is moderately wounded.
The hobgoblin barely misses you.
The hobgoblin hits you but does no damage.
You hit the hobgoblin. Your punch misses the hobgoblin.
The hobgoblin is almost dead.
The hobgoblin hits you with a +0 trident.
You hit the hobgoblin but do no damage.
The hobgoblin is almost dead.
The hobgoblin hits you with a +0 trident.
* * * LOW HITPOINT WARNING * * *
The hobgoblin hits you with a +0 trident.
You die...

.#####.#.# ####.#.#.
##.##.## ##.###.##
##.####.## ##.## ##.## .
# ###.## #...#
....#.######..## #...#
......g@......## #.#..
#.....)#############....
.)###.. #.....#.... #..
#.......... #.#
#.......... ..
#.......### ..#
#.......# ..
............
##......####


You could see a hobgoblin.

Vanquished Creatures
  A bat (D:1)
  2 endoplasms (D:1)
  A goblin (D:1)
  2 kobolds (D:1)
  A rat (D:1)
7 creatures vanquished.

Notes
Turn   | Place    | Note
-------+----------+-------------------------------------------
     0 | D:1      | gelatine the Demonspawn Gladiator began the quest for the
                  | Orb.
     0 | D:1      | Reached XP level 1. HP: 16/16 MP: 1/1
    91 | D:1      | Found a faded altar of an unknown god.
   186 | D:1      | Slain by a hobgoblin

Illustrated notes

Levels and vault maps discovered:
D:1:      spicycebolla_arrival_xxxplode, layout_rooms, serial_shops, shop,
          hellmonk_ecumenical_altar_arch_garden,
          amcnicky_mini_rare_corridor_liquid,
          hangedman_abyss_or_decor_lesser_grid

Action                     || total
---------------------------++-------
  Melee: War axe           ||    22
 Armour: Leather armour    ||    17
  Dodge: Dodged            ||    14

Table legend: (Time is in decaauts)
 A = Elapsed time spent in this place.
 B = Non-inter-level travel time spent in this place.
 C = Inter-level travel time spent in this place.
 D = Time resting spent in this place.
 E = Time spent auto-exploring this place.
 F = Levels seen in this place.
 G = Mean time per level.
                   A        B        C        D        E       F      G
               +--------+--------+--------+--------+--------+-----+--------+
         Total |    193 |    185 |      8 |      0 |    104 |   1 |  193.0 |
       Dungeon |    193 |    185 |      8 |      0 |    104 |   1 |  193.0 |
               +--------+--------+--------+--------+--------+-----+--------+

Top non-repeatable levels by time:
     D:1: 193 daAuts
